 Dungeon Crawl Stone Soup version 0.27-a0-1071-ga85bd9520d (webtiles) character file.

Game seed: 10436693193328404788

8887 leviel the Fighter (level 11, 0/101 HPs)
             Began as a Minotaur Fighter on Apr 24, 2021.
             Was a High Priest of Okawaru.
             Slain by Snorg (13 damage)
             ... on level 10 of the Dungeon.
             The game lasted 00:16:19 (10629 turns).

leviel the Fighter (Minotaur Fighter)              Turns: 10629, Time: 00:16:20

Health: 0/101      AC: 17    Str: 22 (24) XL:     11   Next: 15%
Magic:  3/3        EV:  6    Int:  2 (5)  God:    Okawaru [*****.]
Gold:   537        SH: 12    Dex:  7 (10) Spells: 10/10 levels left

rFire    . . .     SeeInvis +   w - +2 war axe (antimagic)
rCold    . . .     Faith    .   c - +0 kite shield
rNeg     + . .     Spirit   .   u - +1 plate armour
rPois    .         Reflect  .   (helmet restricted)
rElec    .         Harm     .   (no cloak)
rCorr    .         Rampage  .   (no gloves)
Will     .....                  g - +0 pair of boots
Stlth    ..........             (no amulet)
HPRegen  0.26/turn              r - ring of positive energy
MPRegen  0.08/turn              z - ring of see invisible

@: no status effects
A: horns 2, retaliatory headbutt
a: Renounce Religion, Heroism, Finesse


You were on level 10 of the Dungeon.
You worshipped Okawaru.
Okawaru was extremely pleased with you.
You visited 2 branches of the dungeon, and saw 11 of its levels.
You also visited: Sewer.

You collected 537 gold pieces.

Inventory:

Hand Weapons
 a - a +0 war axe
 w - a +2 antimagic war axe (weapon)
Missiles
 v - a curare-tipped dart (quivered)
 C - 4 silver boomerangs
Armour
 b - a +0 scale mail
 c - a +0 kite shield (worn)
 g - a +0 pair of boots (worn)
 u - a +1 plate armour (worn)
Jewellery
 f - a +6 ring of intelligence
 r - a ring of positive energy (left hand)
 z - a ring of see invisible (right hand)
Wands
 h - a wand of polymorph (17)
 l - a wand of paralysis (12)
 o - a wand of digging (3)
Scrolls
 e - a scroll of blinking
 p - a scroll of fear
 y - 2 scrolls of teleportation
 B - a scroll of noise
 D - a scroll of magic mapping
Potions
 d - 3 potions of might
 i - 2 potions of flight
 j - 2 potions of invisibility
 k - a potion of mutation
 m - a potion of degeneration
 n - a potion of magic
 q - 2 potions of curing
 s - 3 potions of resistance
 t - 3 potions of haste
 x - a potion of ambrosia


   Skills:
 - Level 10.8 Fighting
 - Level 10.4 Axes
 - Level 10.7 Armour
 - Level 10.6 Shields
 + Level 3.6 Evocations


You had 10 spell levels left.
You didn't know any spells.
Your spell library contained the following spells:

 Spells                   Type           Power      Damage    Failure   Level
 Ice Form                 Ice/Tmut       0%         N/A       100%        4
 Summon Ice Beast         Ice/Summ       0%         N/A       100%        4
 Freezing Cloud           Conj/Ice/Air   0%         6-21      100%        6
 Simulacrum               Ice/Necr       0%         N/A       100%        6
 Ozocubu's Refrigeration  Ice            0%         4d5       100%        7


Dungeon Overview and Level Annotations

Branches:
Dungeon (10/15)            Temple (1/1) D:7            Lair (0/6) D:9
  Sewer (visited)
    Orc: D:9-12

Altars:
Ashenzari
Cheibriados
Dithmenos
Elyvilon
Fedhas
Gozag
Hepliaklqana
Kikubaaqudgha
Makhleb
Nemelex Xobeh
Okawaru
Qazlal
Ru
Sif Muna
Trog
Uskayaw
Vehumet
Wu Jian
Xom
Yredelemnul
Zin
The Shining One

Annotations:
D:4 Grinder
D:6 2 transporters, indyram44's ghost, novice OpBr
D:10 Snorg


Innate Abilities, Weirdness & Mutations

You have a pair of horns on your head.
You reflexively headbutt those who attack you in melee.


Message History

No target in view!
No target in view!
You feel a little less clever now.
Items here: ( ) [ †.
An orc comes into view. It is wielding a +0 falchion.
The orc shouts!
You hear a shout!
An orc is nearby!
An orc is nearby!
An unseen horror and Snorg come into view.
Snorg shouts!
You block the orc's attack.
Your plate armour prevents you from hitting the orc.
You headbutt the orc!
You kill the orc!
Okawaru accepts your kill.
The unseen horror hits you but does no damage.
Snorg goes berserk!
You slash the unseen horror!
The unseen horror is moderately wounded.
The unseen horror hits you but does no damage.
Snorg rages.
You slash Snorg!
Snorg is lightly wounded.
Snorg bites you!! You block Snorg's attack. Snorg claws you but does no damage.
You closely miss Snorg. Your headbutt misses Snorg.
Snorg is lightly wounded.
You block Snorg's attack. Snorg claws you but does no damage.
You block Snorg's attack. Snorg bites you! Snorg claws you but does no damage.
Snorg claws you!
You hit Snorg.
Snorg is lightly wounded.
Snorg completely misses you. Snorg claws you but does no damage. x2
Snorg bites you!! Snorg claws you! You block Snorg's attack.
You are too injured to fight recklessly!
You are too injured to fight recklessly!
Unknown command.
Snorg bites you!!
* * * LOW HITPOINT WARNING * * *
Snorg claws you!
You die...

#.#≈≈..≈§#.#
#...
###≈§≈≈.§#.#
##### #...
#§.≈≈.≈#.# .....
#§≈..§≈###......
#≈≈.§≈≈###......
###'§###.).....#
#...#.#x#
#...#.#T#
##..#.#@#
#.)#.#.#
##)#.#.# #.....#
#...### #..>#
#.### #># #.#


You could see Snorg (berserk) and an unseen horror (invisible).

Vanquished Creatures
  3 two-headed ogres (D:9)
  Joseph (D:10)
  2 trolls
  A hornet (D:8)
  A wraith (D:9)
  14 yaks
  A steam dragon (D:7)
  2 acid dragons
  3 water moccasins
  2 orc warriors
  A black bear (D:5)
  2 ogres
  A necrophage (D:5)
  2 centaurs
  2 phantoms
  2 kobold brigands
  3 bullfrogs
  A gnoll sergeant (D:6)
  2 scorpions
  A water moccasin skeleton (D:6)
  7 killer bees (D:10)
  4 howler monkeys
  4 bullfrog zombies
  2 centaur zombies
  A jelly (D:5)
  3 hounds
  2 gnoll shamans
  4 orc priests
  A bullfrog skeleton (D:4)
  3 iguanas
  7 orc wizards
  4 adders
  11 gnolls
  A shadow imp (D:5)
  4 white imps
  3 worms
  4 dart slugs
  29 orcs
  7 ball pythons
  A bat (D:3)
  2 endoplasms
  A giant cockroach (D:3)
  5 goblins
  5 hobgoblins
  7 jackals
  3 quokkas
  9 frilled lizards
  17 kobolds
  9 rats
207 creatures vanquished.

Vanquished Creatures (others)
  A fungus (D:9)
  11 plants (D:6)
12 creatures vanquished.

Grand Total: 219 creatures vanquished

Notes
Turn   | Place    | Note
-------+----------+-------------------------------------------
     0 | D:1      | leviel the Minotaur Fighter began the quest for the Orb.
     0 | D:1      | Reached XP level 1. HP: 19/19 MP: 0/0
   829 | D:2      | Reached XP level 2. HP: 27/27 MP: 1/1
  1339 | D:2      | Found a faded altar of an unknown god.
  1393 | D:2      | Reached XP level 3. HP: 26/33 MP: 2/2
  1873 | D:3      | Found a basalt altar of Yredelemnul.
  2115 | D:3      | Found a glowing drain.
  2132 | Sewer    | Entered a sewer
  2241 | Sewer    | Reached XP level 4. HP: 40/41 MP: 3/3
  2728 | D:3      | Reached XP level 5. HP: 45/47 MP: 4/4
  2890 | D:4      | Reached skill level 5 in Fighting
  3168 | D:4      | Reached skill level 5 in Armour
  3236 | D:4      | Reached XP level 6. HP: 56/56 MP: 5/5
  3241 | D:4      | Reached skill level 5 in Shields
  3505 | D:4      | Noticed Grinder
  3531 | D:5      | Entered Level 5 of the Dungeon
  3680 | D:5      | Reached skill level 5 in Axes
  3944 | D:5      | Reached XP level 7. HP: 61/62 MP: 6/6
  4655 | D:6      | Reached XP level 8. HP: 10/71 MP: 7/7
  5000 | D:6      | Noticed indyram44's ghost (novice OpBr)
  5001 | D:6      | Found a transporter.
  5479 | D:6      | Found a transporter.
  6332 | D:7      | Found a staircase to the Ecumenical Temple.
  6354 | D:7      | Reached XP level 9. HP: 77/81 MP: 8/8
  6356 | Temple   | Entered the Ecumenical Temple
  6449 | Temple   | Became a worshipper of Warmaster Okawaru
  7308 | D:8      | Reached * piety under Okawaru
  7983 | D:9      | Noticed a two-headed ogre
  7991 | D:9      | Killed a two-headed ogre
  8081 | D:9      | Noticed a two-headed ogre
  8093 | D:9      | Killed a two-headed ogre
  8093 | D:9      | Reached ** piety under Okawaru
  8094 | D:9      | Reached XP level 10. HP: 54/91 MP: 0/9
  8661 | D:9      | Found a staircase to the Lair.
  8695 | D:9      | Identified the +1 leather armour "Odebeink" {rElec rF+
                  | Int-2 Dex+4}
  8716 | D:9      | Reached skill level 10 in Fighting
  9080 | D:9      | Identified the +4 whip "Pendulum" {vorpal, Will+ MP+9
                  | Int+2}
  9089 | D:9      | Identified the +5 dagger of Mufooc {vorpal, Int+2}
  9107 | D:10     | Entered Level 10 of the Dungeon
  9143 | D:10     | Reached skill level 10 in Armour
  9323 | D:10     | Reached skill level 10 in Shields
  9424 | D:10     | Reached *** piety under Okawaru
  9443 | D:10     | Reached skill level 10 in Axes
  9635 | D:10     | Noticed Joseph
  9635 | D:10     | Noticed a two-headed ogre
  9654 | D:9      | Killed a two-headed ogre
 10012 | D:10     | Killed Joseph
 10012 | D:10     | Reached **** piety under Okawaru
 10152 | D:10     | Reached XP level 11. HP: 87/101 MP: 3/10
 10158 | D:10     | Reached skill level 1 in Evocations
 10197 | D:10     | Reached ***** piety under Okawaru
 10622 | D:10     | Noticed Snorg
 10629 | D:10     | Slain by Snorg

Illustrated notes

Levels and vault maps discovered:
D:1:      nicolae_arrival_washed_ashore, layout_loops_corners
D:2:      layout_loops_ring, hellmonk_ecumenical_altar_crossroads
D:3:      layout_basic, general_overflow_altar, portal_sewer_entry_d
D:4:      layout_basic, bh_walls_and_bars, uniq_grinder
D:5:      layout_rooms, serial_rivers, chequers_serial_rivers_small_b,
          chequers_serial_rivers_micro_a, chequers_serial_rivers_large_a,
          chequers_serial_rivers_micro_c, chequers_serial_rivers_small_3,
          kennysheep_generic_room_5
D:6:      layout_basic, gammafunk_ghost_mausoleum, serial_bayou_ford_a,
          hangedman_decor_riveting
D:7:      layout_basic, minmay_temple_entry_ruins
D:8:      layout_rooms, minmay_strange_pillars
D:9:      layout_long_grid, dpeg_oklobed_lair,
          amcnicky_mini_rare_corridor_liquid, grunt_decor_arrowhead
D:10:     layout_basic, kennysheep_generic_room_15, uniq_joseph, uniq_snorg
Temple:   grunt_wide_crystal_templ

Skill      XL: |  1  2  3  4  5  6  7  8  9 10 11 |
---------------+----------------------------------+-----
Fighting       | 4 5 6 8 9 10 | 10.8
Axes           | 3 4 5 6 7 9 10 | 10.4
Shields        | 4 5 6 7 9 10 | 10.6
Armour         | 4 5 6 7 9 10 | 10.7
Evocations     | 3 |  3.6

Action                   |  1- 3 |  4- 6 |  7- 9 | 10-12 || total
-------------------------+-------+-------+-------+-------++-------
Melee: War axe           |   116 |   129 |   261 |   197 ||   703
       Headbutt          |    15 |    20 |    46 |    38 ||   119
       Unarmed           |       |       |       |    12 ||    12
Invok: Heroism           |       |       |     2 |     2 ||     4
  Use: Scroll            |       |     7 |     3 |     7 ||    17
       Potion            |       |       |     1 |     6 ||     7
Armor: Scale mail        |    48 |    66 |       |       ||   114
       Plate armour      |       |     8 |   188 |    84 ||   280
Dodge: Dodged            |    27 |    43 |    75 |    45 ||   190
Block: Kite shield       |    67 |    76 |   152 |   117 ||   412

Table legend: (Time is in decaauts)
 A = Elapsed time spent in this place.
 B = Non-inter-level travel time spent in this place.
 C = Inter-level travel time spent in this place.
 D = Time resting spent in this place.
 E = Time spent auto-exploring this place.
 F = Levels seen in this place.
 G = Mean time per level.
                   A        B        C        D        E       F      G
               +--------+--------+--------+--------+--------+-----+--------+
         Total |  10910 |  10432 |    478 |   1941 |   6867 |  12 |  909.2 |
       Dungeon |  10349 |   9890 |    459 |   1941 |   6446 |  10 | 1034.9 |
        Temple |    102 |     83 |     19 |      0 |     69 |   1 |  102.0 |
         Sewer |    458 |    458 |      0 |      0 |    351 |   1 |  458.0 |
               +--------+--------+--------+--------+--------+-----+--------+

Top non-repeatable levels by time:
     D:9: 1557 daAuts
     D:5: 1458 daAuts
     D:6: 1135 daAuts
    D:10: 1098 daAuts
     D:8: 1079 daAuts
     D:2: 966 daAuts
     D:1: 833 daAuts
     D:7: 786 daAuts
     D:3: 756 daAuts
     D:4: 676 daAuts
   Sewer: 458 daAuts
  Temple: 102 daAuts
